 Dungeon Crawl Stone Soup version 0.29.0-4-gdea44cf6ec (webtiles) character file.

Game seed: 15905229492920358682

25265 qw the Brawler (level 12, -1/107 HPs)
             Began as a Troll Cinder Acolyte on Aug 30, 2022.
             Was a Follower of Okawaru.
             Killed from afar by an acid dragon (15 damage)
             ... with a splash of acid
             ... on level 5 of the Lair of Beasts.
             The game lasted 00:06:18 (12476 turns).

qw the Brawler (Troll Cinder Acolyte)              Turns: 12476, Time: 00:06:19

Health: -1/107     AC: 13    Str: 29    XL:     12   Next: 88%
Magic:  9/12       EV: 10    Int: 10    God:    Okawaru [*.....]
Gold:   743        SH:  5    Dex:  5    Spells: 13/13 levels left

rFire   . . .      SeeInvis .     - Unarmed
rCold   . . .      Faith    .   (no shield)
rNeg    . . .      Spirit   .   e - +1 steam dragon scales
rPois   .          Reflect  +   (helmet restricted)
rElec   .          Harm     .   m - +2 cloak
rCorr   .          Rampage  .   (gloves unavailable)
Will    .....                   (boots unavailable)
Stlth   ++........              g - amulet of reflection
HPRegen 1.07/turn               (no ring)
MPRegen 0.13/turn               (no ring)

@: about to teleport, heroic, fire susceptible
A: large, unfitting armour, claws 3, regeneration 1, shaggy fur 1, tough skin 1,
deterioration 1, frail 1, passive freeze
a: Renounce Religion, Heroism


You were on level 5 of the Lair of Beasts.
You worshipped Okawaru.
Okawaru was aware of your devotion.
You visited 3 branches of the dungeon, and saw 16 of its levels.
You also visited: Ossuary.

You collected 938 gold pieces.
You spent 195 gold pieces at shops.


Innate Abilities, Weirdness & Mutations

You are too large for most types of armour.
You have claws for hands.
Your natural rate of healing is unusually fast.
You are covered in fur. (AC +1)
You have tough skin. (AC +1)
Your body sometimes deteriorates upon taking damage.
You are frail. (-10% HP)
A frigid envelope surrounds you and freezes all who hurt you.


   Skills:
 - Level 8.0(13.0) Fighting
 - Level 2.2(7.2) Throwing
 - Level 3.1(8.1) Armour
 - Level 2.2(7.2) Dodging
 + Level 18.8(23.8) Unarmed Combat
 - Level 1.0 Spellcasting
 - Level 2.1 Fire Magic
 + Level 2.0 Invocations


You had 13 spell levels left.
You didn't know any spells.
Your spell library contained the following spells:

 Spells                   Type           Power      Damage    Failure   Level
 Scorch                   Fire           8%         2d5       22%         2

Inventory:

Missiles
 k - 3 boomerangs (quivered)
Armour
 a - the +3 hat of Pondering {ponderous, Will+ MP+10 Int+5}
   (You took it off Gastronok on level 1 of the Lair of Beasts)

   Int:       It affects your intelligence (+5).
   MP:        It affects your magic capacity (+10).
   Will:      It increases your willpower.
 e - +1 steam dragon scales (worn)
 m - a +2 cloak (worn)
Jewellery
 b - a ring of fire
 f - a ring of ice
 g - an amulet of reflection (around neck)
 l - a ring of ice
Scrolls
 c - a scroll of brand weapon
 h - a scroll of teleportation
 o - 5 scrolls of identify
 r - a scroll of enchant weapon
Potions
 d - a potion of resistance
 j - 3 potions of might
 p - 7 potions of curing
 q - 2 potions of haste

Dungeon Overview and Level Annotations

Branches:
Dungeon (10/15)            Temple (1/1) D:5            Lair (5/5) D:10
 Shoals (0/4) Lair:3        Snake (0/4) Lair:3        Slime (0/5) Lair:4
    Orc (0/2) D:9         Ossuary (visited)

Altars:
Ashenzari
Cheibriados
Dithmenos
Elyvilon
Fedhas
Gozag
Hepliaklqana
Kikubaaqudgha
Makhleb
Nemelex Xobeh
Okawaru
Qazlal
Ru
Sif Muna
Trog
Uskayaw
Vehumet
Wu Jian
Xom
Yredelemnul
Zin
The Shining One
Jiyva

Shops:
D:2 (   D:10 *


Message History

The seven-headed hydra seems to slow down.
The seven-headed hydra is almost dead.
The seven-headed hydra bites you but does no damage.
The seven-headed hydra is very cold.
The seven-headed hydra seems to slow down.
The seven-headed hydra is almost dead.
12473 ||| DRINKING potion of heal wounds.
You feel much better.
Your surroundings suddenly seem different.
Splash!
You fall into the shallow water.
Moving in this stuff is going to be slow.
A rime drake and a steam dragon come into view.
Found 40 gold pieces, a crooked copper wand, a scroll of identify and a stone.
You feel like a meek peon again.
The rime drake hisses angrily.
The steam dragon hisses angrily.
You hear a roar!
You hear an angry hiss.
A swamp dragon comes into view.
The rime drake breathes ice at you. The flash freeze hits you!!
You are encased in ice.
Enter note:
12474 ||| READING 2 scrolls of teleportation.
As you read the scroll of teleportation, it crumbles to dust.
You feel strangely unstable.
The swamp dragon breathes poison at you.
An acid dragon comes into view.
An iguana comes into view.
You hear an angry hiss.
You hear a roar!
12475 ||| INVOKING Heroism.
You gain the combat prowess of a mighty hero.
A fire dragon comes into view.
Found a book of Annihilations.
The ice encasing you melts away.
The fire dragon roars deafeningly!
The rime drake is engulfed in poison gas.
The rime drake is poisoned.
The swamp dragon breathes poison at you.
The acid dragon spits acid at you. The splash of acid hits you!
You die...

~~.P:.
~~.P.77
77P~D.~7
7~~~~~.7
77P~~~~7
7..~00~7
77.~00007
7..0¤00@7


77P¤k¤007 .$.000007 /.¤00¤077 ?D0D~~. (..~~.7 .D.~~. 7P.~~l 7~~~~. You could see
a fire dragon, a swamp dragon (catching breath), a rime drake (poisoned), a
steam dragon, an acid dragon (catching breath) and an iguana.

Vanquished Creatures
  Gastronok (Lair:1)
  5 hydras
  A two-headed ogre (D:10)
  Amaemon (D:10)
  Pikel (D:4)
  A merfolk siren (Lair:3)
  Joseph (D:8)
  6 elephants (Lair:5)
  2 black mambas
  An orange demon (D:10)
  7 cane toads
  A rime drake (Lair:4)
  4 komodo dragons
  Maggie (Lair:1)
  A troll (D:10)
  2 polar bears
  Grinder (D:3)
  A blink frog (Lair:1)
  Sigmund (D:3)
  2 wyverns
  22 yaks
  2 steam dragons (D:8)
  4 basilisks
  3 fire elementals (Lair:4)
  Grum (D:10)
  2 acid dragons
  Edmund (D:5)
  10 water moccasins
  A swamp drake (D:9)
  An orc warrior (D:10)
  A black bear (Lair:1)
  An ice beast (D:5)
  2 ogres
  A centaur (D:9)
  18 wolves
  A lemure (D:4)
  A phantom (D:7)
  A kobold brigand (D:7)
  12 bullfrogs
  2 water moccasin zombies (Ossuary)
  9 wights
  14 killer bees
  5 howler monkeys
  A jelly (D:5)
  3 gnoll boudas
  4 orc priests
  2 hounds
  Jessica (D:3)
  2 iguanas (D:5)
  6 orc wizards
  13 hell rats (Lair:2)
  2 mummies (Ossuary)
  13 gnolls
  4 adders
  A white imp (D:5)
  5 ufetubi
  5 adder zombies (Ossuary)
  A worm (D:3)
  2 dart slugs
  34 orcs
  12 ball pythons
  8 endoplasms
  2 giant cockroaches
  3 goblins
  6 hobgoblins
  8 jackals
  14 kobolds
  4 quokkas
  4 bats
  7 frilled lizards
  3 gnoll zombies (Ossuary)
  6 hobgoblin zombies (Ossuary)
  4 kobold zombies (Ossuary)
  3 orc zombies (Ossuary)
  6 rats
345 creatures vanquished.

Vanquished Creatures (others)
  An ogre (D:9)
  An orc (D:9)
  8 fungi
  8 plants
18 creatures vanquished.

Grand Total: 363 creatures vanquished

Notes
Turn   | Place    | Note
-------+----------+-------------------------------------------
     0 | D:1      | qw the Troll Cinder Acolyte began the quest for the Orb.
     0 | D:1      | Reached XP level 1. HP: 22/22 MP: 1/1
     0 | D:1      | 0 ||| qw: Version: 0.1-a-95-gae9e614
     0 | D:1      | 0 ||| qw: Game counter: 4413
     0 | D:1      | 0 ||| qw: Always use a shield: true
     0 | D:1      | 0 ||| qw: God list: Okawaru
     0 | D:1      | 0 ||| qw: Allow faded altars: false
     0 | D:1      | 0 ||| qw: Do Orc after D:15 true
     0 | D:1      | 0 ||| qw: Do second Lair branch before Depths: true
     0 | D:1      | 0 ||| qw: Lair rune preference: random
     0 | D:1      | 0 ||| qw: Plans: Normal
     0 | D:1      | 0 ||| PLANNING D:1-11
   120 | D:1      | Reached XP level 2. HP: 29/29 MP: 2/2
   290 | D:1      | Reached skill level 4 in Unarmed Combat
   388 | D:1      | Found a faded altar of an unknown god.
   567 | D:1      | 567 ||| READING scroll labelled BOOFEISA HOROA.
   568 | D:1      | 568 ||| READING scroll labelled CYISKA JEET.
   569 | D:1      | 569 ||| READING 2 scrolls labelled UTINGY PEIKAU.
   570 | D:1      | 570 ||| READING scroll labelled IVAZ YCSAD.
   571 | D:1      | 571 ||| READING scroll labelled KETELL DIM TAOC.
   576 | D:1      | 576 ||| READING scroll labelled BYARRYUDEP.
   677 | D:1      | 677 ||| READING scroll labelled OSOR GARCHA BOMES.
   688 | D:2      | 688 ||| STAIRDANCE
   693 | D:1      | Reached XP level 3. HP: 35/36 MP: 3/3
   696 | D:2      | 696 ||| STAIRDANCE
   706 | D:2      | 706 ||| Stepping ~*~*~tactically~*~*~ (outnumbered).
   941 | D:2      | 941 ||| Stepping ~*~*~tactically~*~*~ (hiding).
  1111 | D:2      | Found an ornate altar of the Wu Jian Council.
  1150 | D:2      | Found Haale's Weapon Emporium.
  1323 | D:2      | 1323 ||| Stepping ~*~*~tactically~*~*~ (stealth).
  1324 | D:2      | 1324 ||| Stepping ~*~*~tactically~*~*~ (stealth).
  1492 | D:2      | 1492 ||| UPGRADING to amulet of regeneration.
  1497 | D:2      | 1497 ||| READING scroll labelled MIOBUT PUASAXT.
  1498 | D:2      | 1498 ||| DRINKING 2 lumpy emerald potions.
  1505 | D:3      | Noticed Sigmund
  1528 | D:3      | Killed Sigmund
  1529 | D:3      | Reached skill level 6 in Unarmed Combat
  1529 | D:3      | Reached XP level 4. HP: 40/44 MP: 4/4
  1529 | D:3      | Reached XP level 5. HP: 46/50 MP: 5/5
  1549 | D:3      | Noticed Grinder
  1560 | D:3      | Killed Grinder
  1561 | D:3      | Reached skill level 7 in Unarmed Combat
  1561 | D:3      | Reached XP level 6. HP: 53/59 MP: 6/6
  1601 | D:3      | 1601 ||| Stepping ~*~*~tactically~*~*~ (stealth).
  1602 | D:3      | 1602 ||| Stepping ~*~*~tactically~*~*~ (stealth).
  1669 | D:3      | 1669 ||| Stepping ~*~*~tactically~*~*~ (stealth).
  1680 | D:3      | Noticed Jessica
  1681 | D:3      | 1681 ||| Stepping ~*~*~tactically~*~*~ (hiding).
  1683 | D:3      | 1683 ||| Stepping ~*~*~tactically~*~*~ (hiding).
  1688 | D:3      | Killed Jessica
  2045 | D:3      | 2045 ||| Stepping ~*~*~tactically~*~*~ (stealth).
  2049 | D:3      | 2049 ||| Stepping ~*~*~tactically~*~*~ (stealth).
  2177 | D:3      | 2177 ||| Stepping ~*~*~tactically~*~*~ (hiding).
  2244 | D:3      | 2244 ||| UPGRADING to +0 cloak.
  2249 | D:3      | 2249 ||| READING scroll of enchant armour.
  2249 | D:3      | 2249 ||| ENCHANTING +0 cloak.
  2250 | D:3      | 2250 ||| READING scroll labelled COLATSERUP.
  2251 | D:3      | 2251 ||| READING scroll labelled ZESEN ZIODDUG.
  2252 | D:3      | 2252 ||| DRINKING 2 murky golden potions.
  2253 | D:3      | 2253 ||| DRINKING 2 bubbling red potions.
  2253 | D:3      | Gained mutation: You are partially covered in iridescent
                  | scales. (AC +2) [potion of mutation]
  2253 | D:3      | Gained mutation: You occasionally lose the ability to drink
                  | potions when taking damage. [potion of mutation]
  2253 | D:3      | Gained mutation: Armour fits poorly on your strangely
                  | shaped body. [potion of mutation]
  2253 | D:3      | Gained mutation: A frigid envelope surrounds you and
                  | freezes all who hurt you. [potion of mutation]
  2254 | D:3      | 2254 ||| DRINKING potion of mutation.
  2254 | D:3      | Lost mutation: You occasionally lose the ability to drink
                  | potions when taking damage. [potion of mutation]
  2254 | D:3      | Lost mutation: You are partially covered in iridescent
                  | scales. (AC +2) [potion of mutation]
  2254 | D:3      | Gained mutation: You are strong-willed. (Will+) [potion of
                  | mutation]
  2254 | D:3      | Gained mutation: Your flesh is heat resistant. (rF+)
                  | [potion of mutation]
  2254 | D:3      | Gained mutation: You are frail. (-10% HP) [potion of
                  | mutation]
  2325 | D:4      | Found a basalt altar of Yredelemnul.
  2339 | D:4      | Noticed Pikel
  2341 | D:4      | 2341 ||| Stepping ~*~*~tactically~*~*~ (stealth).
  2345 | D:4      | 2345 ||| Stepping ~*~*~tactically~*~*~ (outnumbered).
  2353 | D:4      | Killed Pikel
  2354 | D:4      | Reached skill level 9 in Unarmed Combat
  2354 | D:4      | Reached XP level 7. HP: 58/59 MP: 7/7
  2446 | D:4      | 2446 ||| Stepping ~*~*~tactically~*~*~ (outnumbered).
  2448 | D:4      | 2448 ||| Stepping ~*~*~tactically~*~*~ (outnumbered).
  2699 | D:4      | Found a broken altar of Ashenzari.
  2702 | D:4      | Found a snail-covered altar of Cheibriados.
  2937 | D:4      | 2937 ||| DROPPING scarf of invisibility.
  2938 | D:4      | 2938 ||| DRINKING 2 golden potions.
  2939 | D:4      | 2939 ||| DROPPING potion of brilliance.
  2940 | D:4      | 2940 ||| Stepping randomly (stuck).
  2985 | D:5      | Entered Level 5 of the Dungeon
  2986 | D:5      | 2986 ||| PLANNING SEWER
  3002 | D:5      | Reached XP level 8. HP: 66/66 MP: 8/8
  3027 | D:5      | Noticed Edmund
  3028 | D:5      | 3028 ||| INVOKING Fiery Armour.
  3030 | D:5      | Reached skill level 1 in Throwing
  3033 | D:5      | HP: 14/66 [ogre/+0 giant club (26)]
  3034 | D:5      | Reached skill level 3 in Fighting
  3035 | D:5      | HP: 5/67 [white imp/puff of frost (12)]
  3041 | D:5      | HP: 3/67 [Edmund/+1 dire flail of holy wrath (10)]
  3042 | D:5      | Killed Edmund
  3043 | D:5      | Reached skill level 1 in Dodging
  3113 | D:5      | Found a staircase to the Ecumenical Temple.
  3168 | D:5      | 3168 ||| Stepping ~*~*~tactically~*~*~ (stealth).
  3263 | D:5      | Reached skill level 10 in Unarmed Combat
  3293 | D:5      | Found a glowing drain.
  3435 | D:5      | 3435 ||| RIP SEWER
  3435 | D:5      | 3435 ||| PLANNING D:1-11
  3435 | D:5      | 3435 ||| DROPPING amulet of guardian spirit.
  3436 | D:5      | 3436 ||| READING scroll labelled JITASHR ROORARU.
  3437 | D:5      | 3437 ||| DRINKING 2 purple potions.
  3438 | D:5      | 3438 ||| DRINKING 2 pink potions.
  3439 | D:5      | 3439 ||| DROPPING potion of magic.
  3440 | D:5      | 3440 ||| DROPPING potion of attraction.
  3472 | D:6      | 3472 ||| PLANNING OSSUARY
  3479 | D:6      | Found a sand-covered staircase.
  3481 | D:6      | 3481 ||| READING scroll of enchant armour.
  3481 | D:6      | 3481 ||| ENCHANTING +1 cloak.
  3490 | Ossuary  | Entered an ossuary
  3525 | Ossuary  | 3525 ||| Stepping ~*~*~tactically~*~*~ (stealth).
  3649 | Ossuary  | 3649 ||| READING scroll labelled BELUOSIRESA.
  3650 | Ossuary  | 3650 ||| DRINKING 2 coppery potions.
  3651 | Ossuary  | 3651 ||| DRINKING 2 white potions.
  3652 | Ossuary  | 3652 ||| READING 3 scrolls of identify.
  3652 | Ossuary  | 3652 ||| IDENTIFYING silvery potion
  3653 | Ossuary  | 3653 ||| READING 2 scrolls of identify.
  3653 | Ossuary  | 3653 ||| IDENTIFYING cyan potion
  3654 | Ossuary  | 3654 ||| DROPPING potion of ambrosia.
  3655 | Ossuary  | 3655 ||| DROPPING potion of flight.
  3661 | D:6      | 3661 ||| PLANNING D:1-11
  3696 | D:6      | Identified the +1 ring mail of Cheibriados's Esteem {rElec
                  | Will- Str+3 Slay+4}
  4074 | D:6      | 4074 ||| READING 3 scrolls of identify.
  4074 | D:6      | 4074 ||| IDENTIFYING glowing black potion
  4075 | D:6      | 4075 ||| READING 2 scrolls of identify.
  4075 | D:6      | 4075 ||| IDENTIFYING sedimented green potion
  4076 | D:6      | 4076 ||| DROPPING potion of invisibility.
  4077 | D:6      | 4077 ||| DROPPING potion of lignification.
  4356 | D:7      | 4356 ||| INVOKING Fiery Armour.
  4359 | D:7      | 4359 ||| Stepping ~*~*~tactically~*~*~ (outnumbered).
  4364 | D:7      | Reached skill level 11 in Unarmed Combat
  4483 | D:7      | 4483 ||| INVOKING Fiery Armour.
  4484 | D:7      | 4484 ||| Stepping ~*~*~tactically~*~*~ (outnumbered).
  4485 | D:7      | 4485 ||| Stepping ~*~*~tactically~*~*~ (outnumbered).
  4496 | D:7      | Reached XP level 9. HP: 72/75 MP: 9/9
  4765 | D:7      | Found a bloodstained altar of Trog.
  5155 | D:7      | 5155 ||| FLEEEEING.
  5156 | D:7      | 5156 ||| FLEEEEING.
  5164 | D:7      | Reached skill level 12 in Unarmed Combat
  5619 | D:8      | 5619 ||| FLEEEEING.
  5620 | D:8      | 5620 ||| FLEEEEING.
  5621 | D:8      | 5621 ||| FLEEEEING.
  5622 | D:8      | 5622 ||| FLEEEEING.
  5623 | D:8      | 5623 ||| FLEEEEING.
  5624 | D:8      | 5624 ||| FLEEEEING.
  5625 | D:8      | 5625 ||| FLEEEEING.
  5626 | D:8      | 5626 ||| FLEEEEING.
  5627 | D:8      | 5627 ||| FLEEEEING.
  5628 | D:8      | 5628 ||| FLEEEEING.
  5629 | D:8      | 5629 ||| FLEEEEING.
  5630 | D:8      | 5630 ||| FLEEEEING.
  5679 | D:8      | 5679 ||| INVOKING Fiery Armour.
  5806 | D:8      | 5806 ||| Stepping ~*~*~tactically~*~*~ (stealth).
  5808 | D:8      | 5808 ||| Stepping ~*~*~tactically~*~*~ (stealth).
  5863 | D:8      | Noticed Joseph
  5864 | D:8      | 5864 ||| FLEEEEING.
  5865 | D:8      | 5865 ||| FLEEEEING.
  5866 | D:8      | 5866 ||| FLEEEEING.
  5867 | D:8      | 5867 ||| FLEEEEING.
  5868 | D:8      | 5868 ||| FLEEEEING.
  5869 | D:8      | 5869 ||| FLEEEEING.
  5870 | D:8      | 5870 ||| FLEEEEING.
  5871 | D:8      | 5871 ||| Stepping ~*~*~tactically~*~*~ (hiding).
  5881 | D:8      | Killed Joseph
  5882 | D:8      | Reached skill level 13 in Unarmed Combat
  5920 | D:8      | 5920 ||| Stepping ~*~*~tactically~*~*~ (hiding).
  5929 | D:8      | Reached skill level 1 in Armour
  6152 | D:8      | 6152 ||| Stepping ~*~*~tactically~*~*~ (hiding).
  6310 | D:8      | 6310 ||| UPGRADING to +0 steam dragon scales.
  6320 | D:8      | 6320 ||| DROPPING +0 robe.
  6321 | D:8      | 6321 ||| UPGRADING to amulet of reflection.
  6331 | D:8      | 6331 ||| DROPPING amulet of regeneration.
  6332 | D:8      | 6332 ||| READING scroll labelled VAETAI GI DYO.
  6333 | D:8      | 6333 ||| READING 4 scrolls of identify.
  6333 | D:8      | 6333 ||| IDENTIFYING emerald potion
  6334 | D:8      | 6334 ||| READING 3 scrolls of identify.
  6334 | D:8      | 6334 ||| IDENTIFYING bubbling grey potion
  6335 | D:8      | 6335 ||| READING 2 scrolls of identify.
  6335 | D:8      | 6335 ||| IDENTIFYING clear potion
  6336 | D:8      | 6336 ||| DROPPING potion of berserk rage.
  6337 | D:8      | 6337 ||| DROPPING potion of degeneration.
  6391 | D:9      | 6391 ||| Stepping ~*~*~tactically~*~*~ (hiding).
  6392 | D:9      | 6392 ||| Stepping ~*~*~tactically~*~*~ (hiding).
  6393 | D:9      | 6393 ||| Stepping ~*~*~tactically~*~*~ (hiding).
  6394 | D:9      | 6394 ||| INVOKING Fiery Armour.
  6398 | D:9      | 6398 ||| Stepping ~*~*~tactically~*~*~ (outnumbered).
  6400 | D:9      | Reached XP level 10. HP: 81/86 MP: 10/10
  6410 | D:9      | 6410 ||| FLEEEEING.
  6521 | D:9      | 6521 ||| Stepping ~*~*~tactically~*~*~ (hiding).
  6524 | D:9      | 6524 ||| Stepping ~*~*~tactically~*~*~ (hiding).
  6874 | D:9      | Identified the +8 trident of Hecwaesk {vorpal, rF++ SInv}
  6878 | D:9      | 6878 ||| READING scroll of enchant armour.
  6878 | D:9      | 6878 ||| ENCHANTING +0 steam dragon scales.
  7024 | D:9      | Noticed a four-headed hydra
  7025 | D:9      | 7025 ||| INVOKING Fiery Armour.
  7031 | D:9      | Killed a six-headed hydra
  7032 | D:9      | Reached skill level 14 in Unarmed Combat
  7095 | D:9      | 7095 ||| Stepping ~*~*~tactically~*~*~ (stealth).
  7097 | D:9      | 7097 ||| Stepping ~*~*~tactically~*~*~ (hiding).
  7100 | D:9      | 7100 ||| Stepping ~*~*~tactically~*~*~ (hiding).
  7120 | D:9      | 7120 ||| Stepping ~*~*~tactically~*~*~ (outnumbered).
  7160 | D:9      | Found a staircase to the Orcish Mines.
  7161 | D:9      | 7161 ||| DRINKING 2 potions of resistance.
  7163 | D:9      | 7163 ||| INVOKING Fiery Armour.
  7166 | D:9      | 7166 ||| Stepping ~*~*~tactically~*~*~ (outnumbered).
  7169 | D:9      | 7169 ||| Stepping ~*~*~tactically~*~*~ (outnumbered).
  7238 | D:9      | 7238 ||| Stepping ~*~*~tactically~*~*~ (stealth).
  7241 | D:9      | 7241 ||| Stepping ~*~*~tactically~*~*~ (stealth).
  7276 | D:9      | 7276 ||| READING 2 scrolls of identify.
  7276 | D:9      | 7276 ||| IDENTIFYING red potion
  7306 | D:10     | Entered Level 10 of the Dungeon
  7307 | D:10     | 7307 ||| STAIRDANCE
  7320 | D:10     | 7320 ||| STAIRDANCE
  7355 | D:10     | Found a staircase to the Lair.
  7477 | D:10     | 7477 ||| Stepping ~*~*~tactically~*~*~ (outnumbered).
  7482 | D:10     | Reached skill level 6 in Fighting
  7608 | D:10     | Noticed a two-headed ogre
  7619 | D:10     | Killed a two-headed ogre
  7673 | D:10     | Found Jotzeemedgh's General Store.
  7705 | D:10     | Found a stormy altar of Qazlal.
  7712 | D:10     | Found a radiant altar of Vehumet.
  7868 | D:10     | Noticed an orange demon
  7868 | D:10     | Noticed Amaemon
  7869 | D:10     | 7869 ||| Stepping ~*~*~tactically~*~*~ (stealth).
  7876 | D:10     | 7876 ||| INVOKING Fiery Armour.
  7877 | D:10     | HP: 22/88 [poisoned by Amaemon]
  7878 | D:10     | 7878 ||| DRINKING 2 potions of heal wounds.
  7879 | D:10     | HP: 10/88 [asphyx]
  7879 | D:10     | Killed Amaemon
  7880 | D:10     | Reached skill level 15 in Unarmed Combat
  7880 | D:10     | Reached XP level 11. HP: 11/94 MP: 11/11
  7880 | D:10     | 7880 ||| DRINKING potion of heal wounds.
  7884 | D:10     | HP: 16/94 [poisoned by orange demon (concentrated venom)]
  7994 | D:10     | Noticed Grum
  7995 | D:10     | 7995 ||| INVOKING Fiery Armour.
  8010 | D:10     | Killed Grum
  8123 | D:10     | 8123 ||| BUYING potion of heal wounds (75 gold).
  8123 | D:10     | Bought a potion of heal wounds for 75 gold pieces
  8123 | D:10     | 8123 ||| BUYING potion of mutation (120 gold).
  8123 | D:10     | Bought a potion of mutation for 120 gold pieces
  8123 | D:10     | 8123 ||| SHOPLISTING scroll of acquirement (780 gold, have
                  | 412).
  8123 | D:10     | 8123 ||| DRINKING potion of mutation.
  8123 | D:10     | Lost mutation: You are strong-willed. (Will+) [potion of
                  | mutation]
  8123 | D:10     | Lost mutation: Your flesh is heat resistant. (rF+) [potion
                  | of mutation]
  8123 | D:10     | Lost mutation: Armour fits poorly on your strangely shaped
                  | body. [potion of mutation]
  8123 | D:10     | Gained mutation: Your body sometimes deteriorates upon
                  | taking damage. [potion of mutation]
  8135 | D:10     | 8135 ||| PLANNING LAIR
  8135 | D:10     | 8135 ||| DROPPING ring of wizardry.
  8183 | Lair:1   | Entered Level 1 of the Lair of Beasts
  8229 | Lair:1   | Noticed Maggie
  8230 | Lair:1   | 8230 ||| Stepping ~*~*~tactically~*~*~ (hiding).
  8232 | Lair:1   | 8232 ||| Stepping ~*~*~tactically~*~*~ (hiding).
  8237 | Lair:1   | Killed Maggie
  8266 | Lair:1   | 8266 ||| Stepping ~*~*~tactically~*~*~ (stealth).
  8392 | Lair:1   | Noticed a five-headed hydra
  8393 | Lair:1   | 8393 ||| INVOKING Fiery Armour.
  8400 | Lair:1   | Killed a seven-headed hydra
  8401 | Lair:1   | Reached skill level 16 in Unarmed Combat
  8402 | Lair:1   | 8402 ||| DRINKING potion of cancellation.
  8411 | Lair:1   | HP: 16/96 [blink frog (13)]
  8412 | Lair:1   | 8412 ||| DRINKING 2 potions of heal wounds.
  8463 | Lair:1   | Noticed a four-headed hydra
  8469 | Lair:1   | Killed a five-headed hydra
  8534 | Lair:1   | Noticed Gastronok
  8547 | Lair:1   | Killed Gastronok
  8745 | Lair:1   | 8745 ||| Stepping ~*~*~tactically~*~*~ (stealth).
  8758 | Lair:1   | 8758 ||| Stepping ~*~*~tactically~*~*~ (outnumbered).
  8759 | Lair:1   | 8759 ||| Stepping ~*~*~tactically~*~*~ (outnumbered).
  8760 | Lair:1   | 8760 ||| Stepping ~*~*~tactically~*~*~ (outnumbered).
  8761 | Lair:1   | 8761 ||| Stepping ~*~*~tactically~*~*~ (outnumbered).
  8762 | Lair:1   | 8762 ||| Stepping ~*~*~tactically~*~*~ (outnumbered).
  8763 | Lair:1   | 8763 ||| Stepping ~*~*~tactically~*~*~ (outnumbered).
  8766 | Lair:1   | 8766 ||| Stepping ~*~*~tactically~*~*~ (outnumbered).
  8767 | Lair:1   | 8767 ||| Stepping ~*~*~tactically~*~*~ (outnumbered).
  8771 | Lair:1   | 8771 ||| Stepping ~*~*~tactically~*~*~ (outnumbered).
  9245 | Lair:2   | 9245 ||| INVOKING Fiery Armour.
  9248 | Lair:2   | Reached skill level 17 in Unarmed Combat
  9258 | Lair:2   | 9258 ||| Stepping ~*~*~tactically~*~*~ (stealth).
  9264 | Lair:2   | 9264 ||| Stepping ~*~*~tactically~*~*~ (stealth).
  9326 | Lair:2   | 9326 ||| Stepping ~*~*~tactically~*~*~ (stealth).
  9339 | Lair:2   | 9339 ||| Stepping ~*~*~tactically~*~*~ (outnumbered).
  9347 | Lair:2   | 9347 ||| Stepping ~*~*~tactically~*~*~ (stealth).
  9358 | Lair:2   | 9358 ||| Stepping ~*~*~tactically~*~*~ (stealth).
  9403 | Lair:2   | 9403 ||| Stepping ~*~*~tactically~*~*~ (stealth).
  9407 | Lair:2   | Reached XP level 12. HP: 106/106 MP: 12/12
 10055 | Lair:3   | 10055 ||| Stepping ~*~*~tactically~*~*~ (hiding).
 10073 | Lair:3   | Found a staircase to the Shoals.
 10088 | Lair:3   | 10088 ||| Stepping ~*~*~tactically~*~*~ (hiding).
 10089 | Lair:3   | 10089 ||| Stepping ~*~*~tactically~*~*~ (hiding).
 10165 | Lair:3   | 10165 ||| FLEEEEING.
 10167 | Lair:3   | 10167 ||| FLEEEEING.
 10180 | Lair:3   | 10180 ||| Stepping ~*~*~tactically~*~*~ (stealth).
 10272 | Lair:3   | Reached skill level 18 in Unarmed Combat
 10314 | Lair:3   | Found a staircase to the Snake Pit.
 10335 | Lair:3   | 10335 ||| Stepping ~*~*~tactically~*~*~ (stealth).
 10336 | Lair:3   | 10336 ||| Stepping ~*~*~tactically~*~*~ (stealth).
 10337 | Lair:3   | 10337 ||| Stepping ~*~*~tactically~*~*~ (stealth).
 10704 | Lair:3   | Noticed a six-headed hydra
 10705 | Lair:3   | 10705 ||| INVOKING Fiery Armour.
 10706 | Lair:3   | 10706 ||| Stepping ~*~*~tactically~*~*~ (stealth).
 10711 | Lair:3   | Killed a seven-headed hydra
 11066 | Lair:4   | Identified the +1 robe of Bright Amelioration {+Blink +Inv
                  | Str-2 Int+5}
 11156 | Lair:4   | 11156 ||| Stepping ~*~*~tactically~*~*~ (outnumbered).
 11225 | Lair:4   | Reached skill level 3 in Armour
 11380 | Lair:4   | 11380 ||| INVOKING Fiery Armour.
 11381 | Lair:4   | 11381 ||| Stepping ~*~*~tactically~*~*~ (outnumbered).
 11382 | Lair:4   | 11382 ||| Stepping ~*~*~tactically~*~*~ (outnumbered).
 11391 | Lair:4   | 11391 ||| Stepping ~*~*~tactically~*~*~ (stealth).
 11392 | Lair:4   | 11392 ||| Stepping ~*~*~tactically~*~*~ (stealth).
 11512 | Lair:4   | 11512 ||| PLANNING TEMPLE
 11512 | Lair:4   | 11512 ||| DROPPING +1 robe of Bright Amelioration {+Blink
                  | +Inv Str-2 Int+5}.
 11674 | D:5      | 11674 ||| RIP SEWER
 11708 | Temple   | Entered the Ecumenical Temple
 11778 | Temple   | 11778 ||| PLANNING CONVERSION TO OKAWARU
 11785 | Temple   | Fell from the grace of Ignis
 11785 | Temple   | Became a worshipper of Warmaster Okawaru
 11786 | Temple   | 11786 ||| PLANNING LAIR
 12111 | Lair:4   | Found a staircase to the Slime Pits.
 12115 | Lair:4   | Found a viscous altar of Jiyva.
 12121 | Lair:4   | 12121 ||| Stepping ~*~*~tactically~*~*~ (outnumbered).
 12435 | Lair:5   | Entered Level 5 of the Lair of Beasts
 12437 | Lair:5   | 12437 ||| Stepping ~*~*~tactically~*~*~ (stealth).
 12439 | Lair:5   | 12439 ||| Stepping ~*~*~tactically~*~*~ (stealth).
 12445 | Lair:5   | 12445 ||| Stepping ~*~*~tactically~*~*~ (outnumbered).
 12446 | Lair:5   | 12446 ||| Stepping ~*~*~tactically~*~*~ (outnumbered).
 12447 | Lair:5   | 12447 ||| Stepping ~*~*~tactically~*~*~ (outnumbered).
 12448 | Lair:5   | 12448 ||| Stepping ~*~*~tactically~*~*~ (outnumbered).
 12449 | Lair:5   | 12449 ||| Stepping ~*~*~tactically~*~*~ (outnumbered).
 12450 | Lair:5   | 12450 ||| Stepping ~*~*~tactically~*~*~ (outnumbered).
 12458 | Lair:5   | Noticed a five-headed hydra
 12459 | Lair:5   | Reached * piety under Okawaru
 12459 | Lair:5   | Noticed a seven-headed hydra
 12460 | Lair:5   | 12460 ||| INVOKING Heroism.
 12465 | Lair:5   | Reached skill level 1 in Invocations
 12468 | Lair:5   | Killed a seven-headed hydra
 12470 | Lair:5   | HP: 23/107 [seven-headed hydra (13)]
 12471 | Lair:5   | 12471 ||| READING 3 scrolls of teleportation.
 12471 | Lair:5   | HP: 7/107 [seven-headed hydra (11)]
 12471 | Lair:5   | HP: 2/107 [seven-headed hydra (5)]
 12472 | Lair:5   | 12472 ||| DRINKING 2 potions of heal wounds.
 12473 | Lair:5   | 12473 ||| DRINKING potion of heal wounds.
 12474 | Lair:5   | 12474 ||| READING 2 scrolls of teleportation.
 12475 | Lair:5   | 12475 ||| INVOKING Heroism.
 12475 | Lair:5   | Noticed a fire dragon
 12476 | Lair:5   | Killed from afar by an acid dragon

Levels and vault maps discovered:
D:1:      giann_wishing_wells, layout_basic, dreamdust_ecumenical_altar_statues,
          dk_noncrumbling_4, fountainhead, minmay_hexomino_p4
D:2:      layout_loops_cross, serial_shops, nicolae_shop_bloodbath_and_beyond,
          basic_altar, serial_bayou_pond_a, hangedman_decor_opposing,
          grunt_ministairs_6, minivault_23, st_stairs_14
D:3:      layout_loops_cross, serial_glass, glass_columns_a, glass_columns_c,
          feat_on_display, uniq_grinder, uniq_jessica, uniq_sigmund
D:4:      nicolae_BIG_FREAKIN_CUBE, layout_rooms,
          mainiacjoe_overflow_catwalk_spiral, kennysheep_mini,
          grunt_ministairs_13, hangedman_glass_teeth, serial_park_tiny_2,
          minmay_misc_feat_plants, uniq_pikel
D:5:      layout_rooms, minmay_temple_entry_drinking_statues,
          gup_sewer_entry_glass, minmay_misc_feat_pillars, uniq_edmund
D:6:      layout_gridville, lightli_ossuary_entry_decrepit_ruins, moated_statue,
          minmay_holes, chequers_arboretum, kennysheep_generic_room_14
D:7:      layout_layer_cave, marbit_many_paths
D:8:      layout_loops_corners, serial_glass, glass_columns_a, glass_columns_a,
          item_on_display_a, feat_on_display, minmay_strange_pillars,
          due_unseen_surprise, uniq_joseph
D:9:      layout_roguey, erik_orc_1, serial_aquarium,
          aquarium_bridge_island_large [aquarium_subvault_large_4_pools,
          aquarium_subvault_bridge, aquarium_subvault_bridge,
          aquarium_subvault_window, aquarium_subvault_wall],
          aquarium_bridge_long_separate [aquarium_subvault_balcony,
          aquarium_subvault_bridge, aquarium_subvault_balcony,
          aquarium_subvault_bridge, aquarium_subvault_wall,
          aquarium_subvault_window], aquarium_window_2, aquarium_window_fake,
          aquarium_view_2d, aquarium_view_2e, aquarium_balcony_3b,
          minmay_misc_feat_diagonals
D:10:     layout_irregular_city, amethyst_overflow_temple_binary,
          lair_entry_dummy, serial_shops, nicolae_shop_window_shopping,
          uniq_amaemon, uniq_grum
Temple:   compressed_dpeg_triangle_lava_temple
Lair:1:   layout_regular_city, hangedman_lair_generics_rect, uniq_gastronok,
          uniq_maggie
Lair:2:   layout_loops_ring
Lair:3:   layout_misc_corridors, minmay_shoals_entry_lonely_mermaid,
          minmay_snake_entry_six_corridors, serial_rivers,
          chequers_serial_rivers_large_a, chequers_serial_rivers_micro_b,
          chequers_serial_rivers_room_b, chequers_serial_rivers_small_3,
          st_stairs_3
Lair:4:   layout_cave_pods, dpeg_slime_entry_corner, hibernation_bobbens
Lair:5:   wormcave, layout_loops_ring, guppyfry_lair_end_dragon,
          minmay_lindwurm_lava

Skill      XL: |  1  2  3  4  5  6  7  8  9 10 11 12 |
---------------+-------------------------------------+-----
Unarmed Combat | 4 6 7 9 11 13 15 17 18 | 18.8
Throwing       | 1 2 |  2.2
Fighting       | 4 5 6 7 8 |  8.0
Dodging        | 1 2 |  2.2
Armour         | 1 2 3 |  3.1
Invocations    | 2 |  2.0
Spellcasting   | |  1.0
Fire Magic     | |  2.1

Action                   |  1- 3 |  4- 6 |  7- 9 | 10-12 || total
-------------------------+-------+-------+-------+-------++-------
Melee: Unarmed           |   110 |    57 |   225 |   384 ||   776
       Punch             |     1 |     2 |     8 |    29 ||    40
Throw: Boomerang         |       |       |    32 |    25 ||    57
Invok: Fiery Armour      |       |       |     5 |     8 ||    13
       Heroism           |       |       |       |     2 ||     2
  Use: Scroll            |     8 |     3 |    11 |     4 ||    26
       Potion            |     1 |     3 |     5 |     8 ||    17
 Stab: Confused          |       |       |       |     1 ||     1
Armor: Robe              |    27 |    12 |    61 |       ||   100
       Steam dragon scal |       |       |       |   123 ||   123
Dodge: Dodged            |    50 |    13 |    86 |   123 ||   272
Block: Other             |       |       |       |    47 ||    47

Table legend:
 A = Non-vault XP
 B = Vault XP
 C = Vault XP percentage of total XP
 D = Non-vault monster count
 E = Vault monster count
 F = Vault count percentage of total count
                 A         B        C        D         E       F
            +---------+---------+-------+---------+---------+-------
      Total |   25077 |   11017 |  30.5 |     264 |      78 |  22.8
            +---------+---------+-------+---------+---------+-------
        D:1 |      38 |       6 |  13.6 |      23 |       2 |   8.0
        D:2 |      24 |       3 |  11.1 |      14 |       3 |  17.6
        D:3 |      58 |     557 |  90.6 |      22 |       3 |  12.0
        D:4 |      63 |     645 |  91.1 |      21 |       3 |  12.5
        D:5 |     411 |     154 |  27.3 |      11 |       1 |   8.3
        D:6 |      43 |       0 |   0.0 |       2 |       0 |   0.0
        D:7 |    1388 |      43 |   3.0 |      31 |       1 |   3.1
        D:8 |    1357 |     466 |  25.6 |      22 |       1 |   4.3
        D:9 |    2617 |     642 |  19.7 |      22 |      17 |  43.6
       D:10 |    1958 |    1610 |  45.1 |      15 |       5 |  25.0
     Lair:1 |    2717 |    4146 |  60.4 |      10 |       9 |  47.4
     Lair:2 |    3237 |       0 |   0.0 |      30 |       0 |   0.0
     Lair:3 |    2398 |    2517 |  51.2 |      10 |       8 |  44.4
     Lair:4 |    4775 |       0 |   0.0 |      23 |       0 |   0.0
     Lair:5 |    3993 |       0 |   0.0 |       8 |       0 |   0.0
    Ossuary |       0 |     228 | 100.0 |       0 |      25 | 100.0
            +---------+---------+-------+---------+---------+-------
